 Dungeon Sprint DCSS version 0.22-a0-558-gc224181 (webtiles) character file.

0 operationiv the Cudgeler (level 1, -3/13 HPs)
             Began as a Gargoyle Gladiator on June 27, 2018.
             Was an Initiate of Makhleb.
             Slain by Terence
             ... wielding a +0 flail
              (6 damage)
             ... in the Dungeon (Sprint VI: "Thunderdome").
             The game lasted 00:00:34 (56 turns).

operationiv the Cudgeler (Gargoyle Gladiator)         Turns: 56, Time: 00:00:34

Health: -3/13      AC:  6    Str: 17    XL:     1   Next: 20%
Magic:  1/1        EV: 12    Int:  8    God:    Makhleb [......]
Gold:   200        SH:  0    Dex: 11    Spells: 0/0 levels left

rFire    . . .     SeeInvis .   a - +0 flail
rCold    . . .     Gourm    .   (no shield)
rNeg     + . .     Faith    .   b - +0 leather armour
rPois    ∞         Spirit   .   c - +0 helmet
rElec    +         Reflect  .   (no cloak)
rCorr    .         Harm     .   (no gloves)
MR       .....     NoTele   +   (no boots)
Stlth    +.........             (no amulet)
HPRegen  0.04/turn              (no ring)
MPRegen  0.07/turn              (no ring)

@: no status effects
A: negative energy resistance 1, electricity resistance, unbreathing,
petrification resistance, rot immunity, AC +2
a: Renounce Religion


You were in the Dungeon.
You worshipped Makhleb.
Makhleb was noncommittal.
You were not hungry.

You visited 1 branch You collected 200 gold pieces.

Inventory:

Hand Weapons
 a - a +0 flail (weapon)
Missiles
 d - 3 throwing nets {=f, !d}
Armour
 b - a +0 leather armour (worn)
 c - a +0 helmet (worn)
Wands
 m - a wand of acid (5)
   (You found it in the Dungeon)
 n - a wand of iceblast (5)
   (You found it in the Dungeon)
Scrolls
 k - 4 scrolls of blinking {!r}
 o - 3 scrolls of fog
Potions
 e - a potion of curing
 g - 4 potions of heal wounds
 h - 4 potions of haste
 i - 2 potions of magic
 j - a potion of berserk rage {!q}
 l - a potion of resistance
Comestibles
 f - a ration {@e1}


   Skills:
 + Level 2.5 Fighting
 + Level 3.1 Maces & Flails
 + Level 2.0 Throwing
 + Level 2.5 Dodging


You couldn't memorise any spells.
You didn't know any spells.
Your spell library was empty.

Dungeon Overview and Level Annotations

Branches:
Dungeon (1/1)

Altars:
Cheibriados
Dithmenos
Fedhas
Gozag
Kikubaaqudgha
Makhleb
Okawaru
Sif Muna
Trog
Uskayaw
Wu Jian
Yredelemnul
Zin
The Shining One
Beogh
Jiyva

Shops:
D *[%???:(!!!!

Annotations:
D Terence


Innate Abilities, Weirdness & Mutations

You are resistant to torment.
Your stone body is resilient. (AC +2)
You are immune to poison.
You resist negative energy. (rN+)
You are resistant to electric shocks. (rElec)
You can survive without breathing.
You are immune to petrification.
You are immune to rotting.


Message History

You have entered the arena!
You will win if you kill everything that spawns (including allies).
If it is a boss round, you only need to kill the boss in order to win.
If it is a lightning round, you only need to survive!
Welcome, operationiv the Gargoyle Gladiator.
Found 200 gold pieces.
Found a staircase leading out of the dungeon.
You start waiting.
Get ready!
ROUND 1!
FIGHT!
You now have 200 gold pieces.
l - a potion of resistance;
m - a wand of acid (5);
n - a wand of iceblast (5)
h - 4 potions of haste (gained 3);
g - 4 potions of heal wounds (gained 3)
o - 3 scrolls of fog
k - 4 scrolls of blinking {!r} (gained 3)
There is a staircase leading out of the dungeon here.
Found a burning altar of Makhleb and a glowing silver altar of Zin.
Found a blossoming altar of Fedhas and an iron altar of Okawaru.
Found a shadowy altar of Dithmenos.
Found Sapp's Distillery and Duroetra's Do-It-Yourself Clinic.
Found three altars.
Found Keoqez's Distillery and Fiureawn's Bottled Wisdom.
There is a burning altar of Makhleb here.
You kneel at the altar of Makhleb.
Makhleb welcomes you!
Found Ykku's Staff Store and Xidi's Must-Have Magic.
Found Bedan's Magic Scroll Shop.
Found Qebizece's Magic Scroll Shop.
Found a basalt altar of Yredelemnul and a bloodstained altar of Trog.
There is a spawn point here.
A kobold comes into view.
The kobold shouts!
A kobold is nearby!
The kobold hits you but does no damage.
Found a snail-covered altar of Cheibriados.
You closely miss the kobold. The kobold hits you but does no damage.
You barely miss the kobold. The kobold completely misses you.
You thump the kobold!
You kill the kobold!
Makhleb accepts your kill.
Your Throwing skill increases to level 2!
Health restored: 13 You see here a kobold corpse.
Found Exzefef's Delicious Food and Beach's Jewellery.
Found a deep blue altar of Sif Muna.
Found Reineiby's Advanced Armour.
Unknown command.
Found Loumegil's Identification Station.
Found three altars.
Terence the Incautious comes into view.
He is wielding a flail.
Terence shouts!
Terence bares his teeth.
Found an opulent altar of Gozag.
You barely miss Terence. Terence hits you with a flail.
You take 2 damage, and have 11/13 hp.
You closely miss Terence. Terence misses you.
You barely miss Terence. Terence hits you with a flail.
You take 4 damage, and have 7/13 hp.
MASSIVE DAMAGE!!
Okay, then.
Okay, then.
You barely miss Terence. Terence barely misses you.
You closely miss Terence. Terence hits you with a flail.
* * * LOW HITPOINT WARNING * * *
You take 4 damage, and have 3/13 hp.
MASSIVE DAMAGE!!
You sock Terence! Terence hits you with a flail.
You die...

###.........###
#⌠...........⌠#
######.8.........8.##
##∩_._......###......_
###∩........8.# #.8.....
##.............###.......
#⌠..........###...###....
#⌠..........# #.<.# #....
#⌠......@...# #...# #....
##.......@.....###.......
###∩........8.# .8.....
##∩___......# ......_
######.8.... ...8.#
#⌠..... ....⌠# ###....
.### _...


You could see Terence.

Vanquished Creatures
  A kobold (D)
1 creature vanquished.

Notes
Turn   | Place    | Note
-------+----------+-------------------------------------------
     0 | D        | operationiv the Gargoyle Gladiator began the quest for the Orb.
     0 | D        | Reached XP level 1. HP: 12/12 MP: 1/1
     5 | D        | Round 1.
     7 | D        | Found a burning altar of Makhleb.
     7 | D        | Found a glowing silver altar of Zin.
     8 | D        | Found a blossoming altar of Fedhas.
     8 | D        | Found an iron altar of Okawaru.
     9 | D        | Found a shadowy altar of Dithmenos.
    10 | D        | Found Sapp's Distillery.
    10 | D        | Found a glowing golden altar of the Shining One.
    10 | D        | Found a viscous altar of Jiyva.
    10 | D        | Found a roughly hewn altar of Beogh.
    10 | D        | Found Duroetra's Do-It-Yourself Clinic.
    11 | D        | Found Keoqez's Distillery.
    11 | D        | Found Fiureawn's Bottled Wisdom.
    15 | D        | Became a worshipper of Makhleb the Destroyer
    18 | D        | Found Ykku's Staff Store.
    18 | D        | Found Xidi's Must-Have Magic.
    19 | D        | Found Bedan's Magic Scroll Shop.
    20 | D        | Found a basalt altar of Yredelemnul.
    20 | D        | Found a bloodstained altar of Trog.
    20 | D        | Found Qebizece's Magic Scroll Shop.
    36 | D        | Found a snail-covered altar of Cheibriados.
    39 | D        | Reached skill level 2 in Throwing
    44 | D        | Found a deep blue altar of Sif Muna.
    44 | D        | Found Exzefef's Delicious Food.
    44 | D        | Found Beach's Jewellery.
    45 | D        | Found Reineiby's Advanced Armour.
    46 | D        | Found an ornate altar of the Wu Jian Council.
    46 | D        | Found a hide-covered altar of Uskayaw.
    46 | D        | Found an ancient bone altar of Kikubaaqudgha.
    46 | D        | Found Loumegil's Identification Station.
    47 | D        | Noticed Terence
    50 | D        | Found an opulent altar of Gozag.
    55 | D        | HP: 3/13 [Terence/flail (4)]
    56 | D        | Slain by Terence

Vault maps used:
D:        arena_sprint

Skill      XL: |  1 |
---------------+----+-----
Throwing       | 2 |  2.0
Fighting       | |  2.5
Maces & Flails | |  3.1
Dodging        | |  2.5

Action                   || total
-------------------------++-------
Melee: Flail             ||     9
Armor: Leather armour    ||     2
Dodge: Dodged            ||     3

Table legend:
 A = Spawn XP
 B = Non-spawn XP
 C = Spawn XP percentage of total XP
 D = Spawn monster count
 E = Non-spawn monster count
 F = Spawn count percentage of total count
 G = Total turns spent on level
                    A         B        C        D         E        F      G
               +---------+---------+-------+---------+---------+-------+---------
         Total |       0 |       2 |   0.0 |       0 |       1 |   0.0 |    56
               +---------+---------+-------+---------+---------+-------+---------
             D |       0 |       2 |   0.0 |       0 |       1 |   0.0 |    56
               +---------+---------+-------+---------+---------+-------+---------

Vault maps used:
D:        arena_sprint

Table legend:
 A = Turns spent in this place as a percentage of turns spent in the entire game.
 B = Non-inter-level travel turns spent in this place as a percentage of non-inter-level travel turns spent in the entire game.
 C = Inter-level travel turns spent in this place as a percentage of turns spent in this place.
 D = Turns resting spent in this place as a percentage of non-inter-level travel turns spent in this place.
 E = Turns spent auto-exploring this place as a percentage of non-inter-level travel turns spent in this place.
 F = Non-inter-level travel turns spent in this place divided by the number of levels of this place that you've seen.
                   A       B       C       D       E      F
               +-------+-------+-------+-------+-------+----------------------
         Total | 100.0 | 100.0 |   0.0 |   7.1 |   1.8 |  56.0
       Dungeon | 100.0 | 100.0 |   0.0 |   7.1 |   1.8 |  56.0
               +-------+-------+-------+-------+-------+----------------------

Table legend:
 A = Kills in this place as a percentage of kills in entire the game.
 B = Kills by you in this place as a percentage of kills by you in the entire game.
 C = Kills by friends in this place as a percentage of kills by friends in the entire game.
 D = Other kills in this place as a percentage of other kills in the entire game.
 E = Experience gained in this place as a percentage of experience gained in the entire game.
 F = Experience gained in this place divided by the number of levels of this place that you have seen.
                   A       B       C       D       E      F
               +-------+-------+-------+-------+-------+----------------------
         Total | 100.0 | 100.0 |   N/A |   N/A | 100.0 |   2.0
       Dungeon | 100.0 | 100.0 |   N/A |   N/A | 100.0 |   2.0
               +-------+-------+-------+-------+-------+----------------------
